 Dungeon Crawl Stone Soup version 0.25-a0-1001-g3a27ba4 (webtiles) character file.

Game seed: 2912926458697671105, levelgen mode: deterministic

2891 Illumine the Digger (level 9, -9/54 HPs)
             Began as a Gargoyle Earth Elementalist on May 10, 2020.
             Was a Follower of Vehumet.
             Engulfed by a cloud of flame (21 damage)
             ... on level 8 of the Dungeon.
             The game lasted 00:22:42 (7900 turns).

Illumine the Digger (Gargoyle Earth Elementalist)   Turns: 7900, Time: 00:22:43

Health: -9/54      AC: 11    Str: 13    XL:     9   Next: 77%
Magic:  13/16      EV: 18    Int: 18    God:    Vehumet [*.....]
Gold:   479        SH:  0    Dex: 10    Spells: 6/18 levels left

rFire    . . .     SeeInvis +   N - +8 morningstar of Bodily Harmony {vorpal, SInv}
rCold    . . .     Gourm    .   (no shield)
rNeg     + . .     Faith    .   c - +0 robe
rPois    ∞         Spirit   .   (no helmet)
rElec    +         Reflect  .   L - +0 cloak
rCorr    .         Harm     .   (no gloves)
MR       .....                  (no boots)
Stlth    ++........             S - amulet of the Air {Inacc +Fly rElec EV+5 RMsl}
HPRegen  0.18/turn              x - ring of wizardry
MPRegen  0.15/turn              J - +2 ring of protection

@: repel missiles
A: negative energy resistance 1, electricity resistance, unbreathing,
petrification resistance, rot immunity, AC +6
a: Renounce Religion, Evoke Flight


You were on level 8 of the Dungeon.
You worshipped Vehumet.
Vehumet was aware of your devotion.
You were hungry.

You visited 2 branches of the dungeon, and saw 9 of its levels.
You also visited: Ossuary.

You collected 479 gold pieces.

Inventory:

Hand Weapons
 a - a +0 dagger
 e - a +0 whip
 v - a +0 dagger of electrocution
 B - a +0 mace
 N - the +8 morningstar of Bodily Harmony (weapon) {vorpal, SInv}
   (You found it on level 5 of the Dungeon)

   It inflicts extra damage upon your enemies.
   It lets you see invisible.
Missiles
 b - 83 stones (quivered)
Armour
 c - a +0 robe (worn)
 f - a +0 tower shield
 L - a +0 cloak (worn)
Magical Staves
 w - an uncursed staff of poison
 M - an uncursed staff of death
Jewellery
 h - an uncursed ring of stealth
 l - an uncursed ring of see invisible
 x - a ring of wizardry (left hand)
 H - a +2 ring of dexterity
 J - a +2 ring of protection (right hand)
 S - the amulet of the Air (around neck) {Inacc +Fly rElec EV+5 RMsl}
   (You found it on level 6 of the Dungeon)

   [amulet of inaccuracy]

   It reduces the accuracy of all your attacks.
   It affects your evasion (+5).
   It insulates you from electricity.
   It lets you fly.
   It protects you from missiles.
 T - an uncursed ring of ice
Wands
 t - a wand of disintegration (14)
 y - a wand of digging (14)
 E - a wand of random effects (14)
 Q - a wand of polymorph (12)
Scrolls
 k - 2 scrolls of blinking
 m - 3 scrolls of remove curse
 A - a scroll of immolation
 D - a scroll of vulnerability {unknown}
 G - 3 scrolls of teleportation {unknown}
 I - a scroll of enchant armour {unknown}
 K - a scroll of fear {unknown}
 W - a scroll of fog
 X - a scroll of enchant weapon {unknown}
Potions
 g - 3 potions of mutation
 i - a potion of flight
 j - 4 potions of lignification
 n - 3 potions of brilliance
 o - a potion of heal wounds {unknown}
 p - 2 potions of cancellation
 q - a potion of might
 r - a potion of degeneration {unknown}
 s - a potion of haste {unknown}
 u - 4 potions of curing
 z - 3 potions of ambrosia
 C - 2 potions of invisibility
 F - 2 potions of stabbing
 O - a potion of magic {unknown}
 V - 2 potions of berserk rage {unknown}
Miscellaneous
 U - a lightning rod (4/4)
Comestibles
 d - 18 rations


   Skills:
 + Level 5.4 Fighting
 + Level 4.1 Maces & Flails
 + Level 0.8 Armour
 + Level 4.7 Dodging
 - Level 2.2 Stealth
 + Level 1.0 Shields
 - Level 0.4 Unarmed Combat
 + Level 5.2 Spellcasting
 + Level 5.4 Conjurations
 + Level 0.7 Translocations
   Level 0.7 Transmutations
 + Level 0.9 Fire Magic
 + Level 7.9 Earth Magic
 + Level 0.5 Evocations


You had 6 spell levels left.
You knew the following spells:

 Your Spells              Type           Power        Failure   Level  Hunger
a - Sandblast             Erth           ####..       1%          1    None
b - Stone Arrow           Conj/Erth      ####..       1%          3    ##.....
c - Lee's Rapid Deconstr  Erth           ####......   6%          5    ######.
d - Blink                 Tloc           N/A          6%          2    #......
e - Foxfire               Conj/Fire      ###.         1%          1    None

Your spell library contained the following spells:

 Spells                   Type           Power        Failure   Level  Hunger
 Magic Dart               Conj           ###.         1%          1    None
 Passwall                 Tmut/Erth      ###.....     1%          2    #......
 Conjure Flame            Conj/Fire      ###.....     4%          3    ##.....
 Mephitic Cloud           Conj/Pois/Air  ##......     8%          3    ##.....
 Call Imp                 Summ           #.......     9%          2    #......
 Poisonous Vapours        Pois/Air       #.....       9%          2    #......
 Slow                     Hex            #.......     9%          2    #......
 Petrify                  Tmut/Erth      ###.....     9%          4    ####...
 Freezing Cloud           Conj/Ice/Air   ##........   97%         6    #######
 Ring of Flames           Chrm/Fire      #.........   100%        7    #######


Dungeon Overview and Level Annotations

Branches:
Dungeon (8/15)             Temple (1/1) D:6         Ossuary (visited)
   Lair: D:8-11

Altars:
Ashenzari
Cheibriados
Dithmenos
Elyvilon
Fedhas
Gozag
Hepliaklqana
Kikubaaqudgha
Makhleb
Nemelex Xobeh
Okawaru
Qazlal
Sif Muna
Trog
Uskayaw
Vehumet
Wu Jian
Xom
Yredelemnul
Zin
The Shining One

Shops:
D:8 }

Annotations:
D:7 Maggie


Innate Abilities, Weirdness & Mutations

You are resistant to torment.
Your stone body is resilient. (AC +6)
You are immune to poison.
You resist negative energy. (rN+)
You are resistant to electric shocks. (rElec)
You can survive without breathing.
You are immune to petrification.
You are immune to rotting.


Message History

Aiming: Stone Arrow (safe; 1% risk of failure)
Press: ? - help, Shift-Dir - straight line The stone arrow hits the leopard gecko!
The leopard gecko explodes!
The fiery explosion engulfs the adder!!!
You kill the adder!
Vehumet accepts your kill.
The fiery explosion engulfs the jelly!
The jelly explodes!
You hear an explosion!
Vehumet accepts your kill.
Your Shields skill increases to level 1!
You feel a bit more experienced. The fiery explosion engulfs you!!!
Ouch! That really hurt!
* * * LOW HITPOINT WARNING * * *
Vehumet accepts your kill. x2
The orc shouts!
You are feeling hungry.
You are engulfed in blazing flames.
You die...

.............#.....
...........Y......
#................
###.........[.#...
##.......!.....#
#.......§W..%.....
#...##Z§§§........
... ##§.§........
#@§§.........
#o...........
..........##
..≈≈≈....###
..≈≈≈≈≈..##
..#≈≈∩≈≈..#
##.#≈o.o≈o... #
..≈o≈....#


You could see a hungry ghost (inner flame), a sky beast, 2 orc priests and 3
orcs.

Vanquished Creatures
  A hornet (D:7)
  Grinder (D:5)
  A hippogriff (D:6)
  Duvessa (D:5)
  2 sky beasts
  An ice beast (D:7)
  3 ogres
  A centaur (D:5)
  3 bullfrogs
  Blork the orc (D:4)
  Dowan (D:5)
  A water moccasin zombie (Ossuary)
  A scorpion (D:6)
  3 howler monkeys
  2 jellies
  4 crimson imps
  A centaur zombie (D:8)
  A bullfrog skeleton (D:5)
  3 orc priests
  Crazy Yiuf (D:5)
  3 hounds
  An orc wizard (D:2)
  2 iguanas
  8 worker ants
  4 big kobold zombies (Ossuary)
  A hound skeleton (D:4)
  2 mummies (Ossuary)
  8 adders
  5 adder zombies (Ossuary)
  2 worms
  4 dart slugs
  8 leopard geckos
  12 orcs
  7 bats
  8 giant cockroaches
  3 gnoll zombies (Ossuary)
  10 goblins
  4 hobgoblins
  10 jackals
  3 quokkas
  3 ball pythons
  A ball python zombie (D:5)
  7 frilled lizards
  7 hobgoblin zombies (Ossuary)
  A jackal zombie (D:4)
  5 kobolds
  4 kobold zombies (Ossuary)
  5 orc zombies (Ossuary)
  A quokka skeleton (D:4)
  9 rats
181 creatures vanquished.

Vanquished Creatures (others)
  A quokka (D:2)
1 creature vanquished.

Grand Total: 182 creatures vanquished

Notes
Turn   | Place    | Note
-------+----------+-------------------------------------------
     0 | D:1      | Illumine the Gargoyle Earth Elementalist began the quest
                  | for the Orb.
     0 | D:1      | Reached XP level 1. HP: 10/10 MP: 3/3
   127 | D:1      | Reached XP level 2. HP: 15/15 MP: 3/5
   134 | D:1      | Reached skill level 4 in Earth Magic
   557 | D:1      | Reached XP level 3. HP: 19/19 MP: 4/6
   867 | D:1      | Reached skill level 1 in Maces & Flails
   957 | D:1      | Learned a level 3 spell: Stone Arrow
  1393 | D:2      | Reached XP level 4. HP: 24/24 MP: 2/7
  1629 | D:2      | Reached skill level 1 in Conjurations
  1639 | D:2      | Reached XP level 5. HP: 23/28 MP: 4/8
  2471 | D:3      | Reached skill level 1 in Fighting
  2601 | D:3      | Found a shadowy altar of Dithmenos.
  2813 | D:3      | Noticed an orc warrior
  2866 | D:4      | Reached skill level 5 in Earth Magic
  2901 | D:4      | Reached XP level 6. HP: 34/34 MP: 7/10
  2940 | D:4      | Found a glowing silver altar of Zin.
  3091 | D:4      | Found a stormy altar of Qazlal.
  3154 | D:4      | Found a sand-covered staircase.
  3163 | Ossuary  | Entered an ossuary
  3549 | Ossuary  | Reached XP level 7. HP: 37/40 MP: 11/11
  3966 | D:4      | Found a shimmering altar of Xom.
  4162 | D:4      | Noticed Blork the orc
  4169 | D:4      | Killed Blork the orc
  4322 | D:5      | Entered Level 5 of the Dungeon
  4335 | D:5      | Noticed Grinder
  4365 | D:5      | Noticed Duvessa
  4365 | D:5      | Noticed Dowan
  4572 | D:5      | Reached skill level 6 in Earth Magic
  4660 | D:5      | Found a burning altar of Makhleb.
  4660 | D:5      | Found a shattered altar of Ashenzari.
  4661 | D:5      | Found a hazy altar of Hepliaklqana.
  4662 | D:5      | Found a bloodstained altar of Trog.
  4663 | D:5      | Found a snail-covered altar of Cheibriados.
  4784 | D:5      | Got a dazzling morningstar
  4785 | D:5      | Identified the +8 morningstar of Bodily Harmony {vorpal,
                  | SInv} (You found it on level 5 of the Dungeon)
  4830 | D:5      | Reached XP level 8. HP: 46/46 MP: 10/13
  4950 | D:5      | Killed Duvessa
  4963 | D:5      | Killed Dowan
  5105 | D:5      | Killed Grinder
  5528 | D:5      | Found a runed translucent door.
  5529 | D:5      | Noticed Crazy Yiuf
  5534 | D:5      | Killed Crazy Yiuf
  5740 | D:6      | Found a white marble altar of Elyvilon.
  5883 | D:6      | Reached skill level 7 in Earth Magic
  5955 | D:6      | Found a hide-covered altar of Uskayaw.
  6006 | D:6      | Reached XP level 9. HP: 52/52 MP: 12/16
  6087 | D:6      | Found a staircase to the Ecumenical Temple.
  6096 | Temple   | Entered the Ecumenical Temple
  6319 | Temple   | Became a worshipper of Vehumet
  6763 | D:6      | Learned a level 5 spell: Lee's Rapid Deconstruction
  6766 | D:6      | Learned a level 2 spell: Blink
  6897 | D:6      | Reached skill level 5 in Conjurations
  6928 | D:6      | Found the amulet of the Air {Inacc +Fly rElec EV+5 RMsl}
  6931 | D:6      | Reached skill level 5 in Fighting
  6931 | D:6      | Reached skill level 5 in Spellcasting
  7264 | D:7      | Noticed a hornet
  7438 | D:7      | Noticed Maggie
  7505 | D:7      | Reached * piety under Vehumet
  7505 | D:7      | Offered knowledge of Foxfire by Vehumet.
  7511 | D:7      | Upgraded the game from 0.25-a0-992-gca09010 to
                  | 0.25-a0-1001-g3a27ba4
  7521 | D:7      | Learned a level 1 spell: Foxfire
  7759 | D:7      | Killed a hornet
  7889 | D:7      | Found an ornate altar of the Wu Jian Council.
  7895 | D:8      | Found Cukhag's Gadget Emporium.
  7900 | D:8      | Reached skill level 1 in Shields
  7900 | D:8      | Engulfed by a cloud of flame

Illustrated notes

Levels and vault maps discovered:
D:1:      psy_arrival_radial01, layout_loops_ring, minmay_misc_feat_cross,
          hangedman_decor_clover_reticule, minmay_pentomino_u2
D:2:      layout_basic
D:3:      layout_basic, nicolae_dithmenos_shadow_blocks
D:4:      layout_loops_ring, tgw_xom, zin_treasury, overflow_temple_1_default,
          enter_ossuary_3, serial_rivers, chequers_serial_rivers_small_a,
          chequers_serial_rivers_micro_c, chequers_serial_rivers_micro_c,
          chequers_serial_rivers_room_b, uniq_blork_the_orc
D:5:      minmay_general_purpose_star, layout_basic, minitemple, first_ration,
          uniq_crazy_yiuf_cottage, uniq_duvessa, uniq_grinder
D:6:      kennysheep_windowed_halls, layout_basic, lemuel_doored_altar,
          nicolae_overflow_crystal_walls, minmay_temple_entry_proselytizer
D:7:      layout_layer_cave, nicolae_overflow_hidden_temple, the_bakery,
          uniq_maggie, uniq_prince_ribbit1, uniq_menkaure
D:8:      layout_cave_pools, kennysheep_mini_moat, ebering_ghost_inner_flame,
          serial_shops, shop, nicolae_shop_crystal, nicolae_shop_waterfront,
          minmay_shattered_shrine
Temple:   compressed_dpeg_triangle_lava_temple

Skill      XL: |  1  2  3  4  5  6  7  8  9 |
---------------+----------------------------+-----
Earth Magic    | 4 5 6 7 |  7.9
Dodging        | 2 3 4 |  4.7
Maces & Flails | 1 3 4 |  4.1
Conjurations   | 1 2 3 4 5 |  5.4
Fighting       | 1 2 3 4 5 |  5.4
Spellcasting   | 3 4 5 |  5.2
Shields        | 1 |  1.0
Armour         | |  0.8
Stealth        | |  2.2
Unarmed Combat | |  0.4
Translocations | |  0.7
Transmutations | |  0.7
Fire Magic     | |  0.9
Evocations     | |  0.5

Action                   |  1- 3 |  4- 6 |  7- 9 || total
-------------------------+-------+-------+-------++-------
Melee: Dagger            |    19 |   212 |    61 ||   292
       Unarmed           |     4 |       |       ||     4
       Whip              |    81 |    47 |       ||   128
       Morningstar       |       |       |    75 ||    75
 Cast: Sandblast         |    20 |    35 |    73 ||   128
       Stone Arrow       |       |       |    20 ||    20
  Use: Scroll            |       |     8 |     7 ||    15
 Stab: Sleeping          |     5 |     4 |       ||     9
  Eat: Chunk             |     2 |     5 |    10 ||    17
       Ration            |       |     1 |     1 ||     2
Armor: Robe              |    57 |    66 |    67 ||   190
Dodge: Dodged            |   107 |   136 |   118 ||   361

Table legend:
 A = Non-vault XP
 B = Vault XP
 C = Vault XP percentage of total XP
 D = Non-vault monster count
 E = Vault monster count
 F = Vault count percentage of total count
                 A         B        C        D         E       F
            +---------+---------+-------+---------+---------+-------
      Total |    2305 |    1826 |  44.2 |     121 |      61 |  33.5
            +---------+---------+-------+---------+---------+-------
        D:1 |      54 |       4 |   6.9 |      32 |       2 |   5.9
        D:2 |     156 |       0 |   0.0 |      24 |       0 |   0.0
        D:3 |      76 |       0 |   0.0 |      15 |       0 |   0.0
        D:4 |     166 |     117 |  41.3 |      13 |       8 |  38.1
        D:5 |     648 |     549 |  45.9 |      13 |       5 |  27.8
        D:6 |     431 |     889 |  67.3 |      10 |      15 |  60.0
        D:7 |     672 |       0 |   0.0 |      10 |       0 |   0.0
        D:8 |     102 |       0 |   0.0 |       4 |       0 |   0.0
    Ossuary |       0 |     267 | 100.0 |       0 |      31 | 100.0
            +---------+---------+-------+---------+---------+-------
